 Dungeon Crawl Stone Soup version 0.27.1-33-g824d729ab1 (webtiles) character file.

Game seed: 17027258958862017515

1068 barney the Transmogrifier (level 8, 0/59 HPs)
             Began as a Grey Draconian Transmuter on Dec 20, 2021.
             Succumbed to a killer bee's poison
             ... on level 5 of the Dungeon.
             The game lasted 00:05:35 (8162 turns).

barney the Transmogrifier (DrTm)                    Turns: 8162, Time: 00:05:36

Health: 0/59       AC:  2    Str: 14    XL:     8   Next: 7%
Magic:  7/11       EV: 19    Int: 15    God:
Gold:   238        SH:  0    Dex: 16    Spells: 3/12 levels left

rFire    . . .     SeeInvis .     - Unarmed
rCold    . . .     Faith    .   (shield currently unavailable)
rNeg     . . .     Spirit   .   (armour unavailable)
rPois    x         Reflect  .   (helmet currently unavailable)
rElec    .         Harm     .   (cloak currently unavailable)
rCorr    .         Rampage  .   (gloves currently unavailable)
Will     ++...     Rnd*Tele +   (boots currently unavailable)
Stlth    +.........             (no amulet)
HPRegen  0.19/turn              (no ring)
MPRegen  0.12/turn              (no ring)

@: lethally poisoned (0 -> -16), spider-form (expiring), wereblooded
A: venomous fangs, AC +11, (amphibious), tiny, unfitting armour, (cold-blooded),
strong-willed 2, (electricity resistance), teleportitis 1
a: End Transformation


You were on level 5 of the Dungeon.
You were a venomous arachnid creature.
You visited 2 branches of the dungeon, and saw 6 of its levels.

You collected 268 gold pieces.
You spent 30 gold pieces at shops.

Inventory:

Hand Weapons
 f - a +0 whip of freezing (melded)
Armour
 a - a +0 cloak (melded)
Wands
 e - a wand of charming (9)
Scrolls
 b - a scroll of identify
 d - a scroll of brand weapon
 g - a scroll of magic mapping
 h - a scroll of fog {unknown}
 i - a scroll of teleportation {unknown}
 j - a scroll of enchant weapon {unknown}
 k - a scroll of immolation {unknown}
 m - a scroll of enchant armour {unknown}
Potions
 c - a potion of degeneration
 o - 2 potions of invisibility
 p - a potion of mutation


   Skills:
 - Level 1.1 Fighting
 - Level 1.7 Dodging
 - Level 3.0 Unarmed Combat
 + Level 2.6 Spellcasting
 - Level 9.0 Transmutations
 + Level 1.6 Ice Magic
 + Level 1.6 Poison Magic


You had 3 spell levels left.
You knew the following spells:

 Your Spells              Type           Power      Damage    Failure   Level
b - Spider Form           Tmut/Pois      9%         N/A       19%         3
c - Wereblood             Tmut           29%        N/A       4%          2
d - Ice Form              Ice/Tmut       18%        N/A       43%         4

Your spell library contained the following spells:

 Spells                   Type           Power      Damage    Failure   Level
 Beastly Appendage        Tmut           58%        N/A       3%          1
 Ignite Poison            Fire/Tmut/Pois 12%        N/A       32%         3
 Animate Skeleton         Necr           2%         N/A       43%         1
 Apportation              Tloc           2%         N/A       43%         1
 Corona                   Hex            1%         N/A       43%         1
 Summon Small Mammal      Summ           4%         N/A       43%         1
 Mephitic Cloud           Conj/Pois/Air  3%         N/A       67%         3
 Bolt of Magma            Conj/Fire/Erth 0%         4d4       100%        5


Dungeon Overview and Level Annotations

Branches:
Dungeon (5/15)             Temple (1/1) D:4

Altars:
Dithmenos
Elyvilon
Fedhas
Gozag
Kikubaaqudgha
Nemelex Xobeh
Okawaru
Ru
Sif Muna
Xom
Zin
The Shining One

Shops:
D:5 *

Annotations:
D:5 1 runed translucent door


Innate Abilities, Weirdness & Mutations

You are a venomous arachnid creature.
You have poisonous fangs.
You are tiny and dextrous.
Your spellcasting is less reliable in this form.
Your armour is entirely melded.
You are incapable of wielding weapons or throwing items.
((Your dull iron-grey scales are very hard. (AC +11)))
((You are amphibious.))
You cannot fit into any form of body armour.
((You are cold-blooded and may be slowed by cold attacks.))
You are highly strong-willed. (Will++)
((You are resistant to electric shocks. (rElec)))
You are occasionally teleported next to monsters.


Message History

You are more poisoned.
The killer bee poisons you! The killer bee stings you!
You are more poisoned.
The killer bee poisons you!
You hit the killer bee.
The killer bee looks as sick as possible!
The killer bee is almost dead.
You feel very sick.
You feel a bit better.
You kill the killer bee!
The killer bee completely misses you.
You have reached level 8!
You feel stronger.
Okay, then.
Okay, then.
You hit the killer bee.
The killer bee is moderately wounded.
You feel very sick. The killer bee stings you.
You are lethally poisoned!
The killer bee poisons you! The killer bee closely misses you.
You hit the killer bee.
The killer bee is severely wounded.
* * * LOW HITPOINT WARNING * * *
You feel extremely sick. The killer bee completely misses you.
The killer bee misses you.
You hit the killer bee.
The killer bee is poisoned.
The killer bee is almost dead.
* * * LOW HITPOINT WARNING * * *
You feel very sick.
You feel a bit better.
You kill the killer bee!
Your transformation is almost over.
* * * LOW HITPOINT WARNING * * *
You feel very sick.
* * * LOW HITPOINT WARNING * * *
You feel very sick.
Okay, then.
Okay, then.
You die...

,*,* #.#
,*,******#######.#
,,,,>,,,,!..yy...#
,,,************#.#
,*** #†# ,,* #.#
,,*** #.# ,,,,*
#.# ,**,* #s#
###+######### #.#
#...........####.#
.....^...........#
............####.#
............# #.#
............# ###
###'#.......#
#.#.......#


There were no monsters in sight!

Vanquished Creatures
  The ghost of Adrian566 the Covered, an amateur DsFi (D:5)
  A necrophage (D:4)
  A phantom (D:4)
  A bullfrog (D:5)
  3 scorpions
  4 killer bees (D:5)
  A hound (D:4)
  An orc priest (D:4)
  A bullfrog skeleton (D:5)
  An iguana (D:5)
  A hound skeleton (D:4)
  6 adders
  2 river rats (D:5)
  An adder skeleton (D:4)
  A worm (D:3)
  A dart slug (D:2)
  6 orcs
  4 ball pythons
  5 bats
  12 endoplasms
  4 giant cockroaches
  6 goblins
  8 hobgoblins
  6 jackals
  3 quokkas
  3 frilled lizards
  9 kobolds
  5 rats
98 creatures vanquished.

Notes
Turn   | Place    | Note
-------+----------+-------------------------------------------
     0 | D:1      | barney the Draconian Transmuter began the quest for the
                  | Orb.
     0 | D:1      | Reached XP level 1. HP: 16/16 MP: 3/3
   277 | D:1      | Reached XP level 2. HP: 21/23 MP: 3/5
   330 | D:1      | Reached skill level 3 in Transmutations
  1284 | D:2      | Reached XP level 3. HP: 28/28 MP: 6/6
  1288 | D:2      | Learned a level 3 spell: Spider Form
  1291 | D:2      | Learned a level 2 spell: Wereblood
  1497 | D:2      | Reached skill level 4 in Transmutations
  2790 | D:3      | Reached XP level 4. HP: 34/35 MP: 5/7
  3808 | D:3      | Noticed a scorpion
  3820 | D:3      | Killed a scorpion
  3821 | D:3      | Reached skill level 5 in Transmutations
  3821 | D:3      | Reached XP level 5. HP: 17/40 MP: 1/8
  4552 | D:4      | Reached skill level 6 in Transmutations
  4974 | D:4      | Found a staircase to the Ecumenical Temple.
  5293 | Temple   | Entered the Ecumenical Temple
  5725 | D:4      | Found a shimmering blue altar of Sif Muna.
  5957 | D:4      | Noticed a phantom
  5977 | D:4      | Killed a phantom
  5978 | D:4      | Reached XP level 6. HP: 37/47 MP: 3/9
  6381 | D:4      | Found an opulent altar of Gozag.
  6382 | D:4      | Found a white marble altar of Elyvilon.
  6437 | D:4      | Reached skill level 7 in Transmutations
  6658 | D:5      | Entered Level 5 of the Dungeon
  6718 | D:5      | Found a runed translucent door.
  6722 | D:5      | Noticed Adrian566's ghost (amateur DsFi)
  6748 | D:5      | Your scales start taking on a dull iron-grey colour.
  6748 | D:5      | Reached XP level 7. HP: 50/52 MP: 4/10
  6781 | D:5      | Gained mutation: You are resistant to electric shocks.
                  | (rElec) [potion of mutation]
  6781 | D:5      | Gained mutation: You are occasionally teleported next to
                  | monsters. [potion of mutation]
  6781 | D:5      | Gained mutation: You are strong-willed. (Will+) [potion of
                  | mutation]
  6781 | D:5      | Gained mutation: You are highly strong-willed. (Will++)
                  | [potion of mutation]
  6793 | D:5      | Killed Adrian566's ghost
  6794 | D:5      | Reached skill level 8 in Transmutations
  6800 | D:5      | Found a runed translucent door.
  7477 | D:5      | Learned a level 4 spell: Ice Form
  7750 | D:5      | Reached skill level 9 in Transmutations
  7942 | D:5      | Found Ruemale's Assorted Antiques.
  7948 | D:5      | Bought a scroll labelled URREC PAOHE for 30 gold pieces
  8155 | D:5      | Reached skill level 1 in Ice Magic
  8155 | D:5      | Reached skill level 1 in Poison Magic
  8157 | D:5      | Reached XP level 8. HP: 35/59 MP: 6/11
  8161 | D:5      | HP: 2/59 [poisoned by a killer bee]
  8162 | D:5      | Succumbed to a killer bee's poison

Illustrated notes

Levels and vault maps discovered:
D:1:      dpeg_arrival_water_temple_mockup, layout_basic, nrook_mini_vaults,
          kennysheep_nondescript, hex_large
D:2:      layout_basic
D:3:      minmay_chambers_of_twos, layout_loops_corners
D:4:      layout_loops_ring, nicolae_overflow_hidden_temple,
          nicolae_sif_muna_condensation, minmay_temple_entry_proselytizer
D:5:      layout_basic, nzn_hepliaklqana_mist_gate, ebering_ghost_sewer_f,
          serial_shops, shop
Temple:   jpeg_temple_island

Skill      XL: |  1  2  3  4  5  6  7 |
---------------+----------------------+-----
Transmutations | 3 4 5 6 7 9 |  9.0
Ice Magic      | 1 |  1.6
Poison Magic   | 1 |  1.6
Fighting       | |  1.1
Dodging        | |  1.7
Unarmed Combat | |  3.0
Spellcasting   | |  2.6

Action                   |  1- 3 |  4- 6 |  7- 9 || total
-------------------------+-------+-------+-------++-------
Melee: Unarmed           |   105 |    84 |    29 ||   218
       Tailslap          |    10 |     7 |       ||    17
       Headbutt          |     6 |       |       ||     6
       Kick              |    11 |     4 |       ||    15
       Punch             |     1 |     1 |       ||     2
       Whip              |    47 |    60 |    40 ||   147
 Cast: Beastly Appendage |    21 |     3 |       ||    24
       Spider Form       |       |    16 |     5 ||    21
       Wereblood         |       |     1 |     1 ||     2
  Use: Potion            |       |     1 |     4 ||     5
       Scroll            |       |     3 |     1 ||     4
 Stab: Sleeping          |     1 |       |       ||     1
Armor: Skin              |    59 |    30 |    38 ||   127
Dodge: Dodged            |   114 |   117 |    36 ||   267
